 Dungeon Crawl Stone Soup version 0.30-a0-168-g0b976cbdc4 (webtiles) character file.

Game seed: 18014479808456240998

1639 LnG the Covert (level 9, 0/49 HPs)
             Began as a Kobold Summoner on Sept 29, 2022.
             Was an Initiate of Yredelemnul.
             Killed from afar by a steam dragon (20 damage)
             ... with a ball of steam
             ... on level 6 of the Dungeon.
             The game lasted 00:26:41 (8929 turns).

LnG the Covert (Kobold Summoner)                    Turns: 8929, Time: 00:26:41

Health: 0/49       AC:  3    Str:  5    XL:     9   Next: 18%
Magic:  8/17       EV: 16    Int: 21    God:    Yredelemnul [......]
Gold:   363        SH:  0    Dex: 15    Spells: 6/19 levels left

rFire   . . .      SeeInvis +    (weapon restricted)
rCold   . . .      Faith    .    (no shield)
rNeg    . . .      Spirit   .    a - +0 robe
rPois   .          Reflect  .    (no helmet)
rElec   .          Harm     .    (no cloak)
rCorr   +          Rampage  .    s - +0 pair of gloves
Will    .....                    (no boots)
Stlth   +++++.....               u - amulet of the acrobat
HPRegen 0.16/turn                c - ring of see invisible
MPRegen 0.15/turn                o - ring of resist corrosion

@: no status effects
A: small, no large weapons, nightstalker 3
a: Renounce Religion, Recall Undead Harvest


You were on level 6 of the Dungeon.
You worshipped Yredelemnul.
Yredelemnul was noncommittal.
You visited 2 branches of the dungeon, and saw 7 of its levels.

You collected 363 gold pieces.

Inventory:

Hand Weapons
 i - a +2 dagger of speed
Missiles
 y - a throwing net
Armour
 a - a +0 robe (worn)
 s - a +0 pair of gloves (worn)
Jewellery
 c - a ring of see invisible (left hand)
 o - a ring of resist corrosion (right hand)
 u - an amulet of the acrobat (around neck)
Wands
 x - a wand of polymorph (7)
Scrolls
 e - 3 scrolls of torment
 f - 6 scrolls of enchant armour
 h - 2 scrolls of vulnerability
 l - 3 scrolls of fog
 n - a scroll of acquirement {unknown}
 q - a scroll of noise {unknown}
 r - 2 scrolls of poison
 t - a scroll of teleportation {unknown}
 v - a scroll of fear {unknown}
 z - a scroll of magic mapping
Potions
 b - a potion of magic
 d - 2 potions of berserk rage
 j - 3 potions of curing
 k - a potion of flight {unknown}
 m - 2 potions of cancellation
 p - a potion of brilliance {unknown}
 w - a potion of haste {unknown}


   Skills:
 + Level 2.3 Fighting
 + Level 5.1 Short Blades
 + Level 4.1 Dodging
 + Level 8.9 Stealth
 + Level 5.7 Spellcasting
 + Level 6.5 Summonings


You had 6 spell levels left.
You knew the following spells:

 Your Spells              Type           Power      Damage    Failure   Level
a - Summon Small Mammal   Summ           100%       N/A       1%          1
b - Call Imp              Summ           33%        N/A       1%          2
c - Call Canine Familiar  Summ           33%        N/A       1%          3
d - Summon Guardian Gole  Hex/Summ       19%        N/A       8%          3
e - Summon Lightning Spi  Summ/Air       19%        N/A       26%         4

Your spell library contained the following spells:

 Spells                   Type           Power      Damage    Failure   Level
 Sublimation of Blood     Necr           5%         N/A       16%         2
 Petrify                  Tmut/Erth      5%         N/A       69%         4
 Irradiate                Conj/Tmut      2%         3d12      95%         5


Dungeon Overview and Level Annotations

Branches:
Dungeon (6/15)             Temple (1/1) D:5

Altars:
Ashenzari
Cheibriados
Dithmenos
Elyvilon
Fedhas
Gozag
Hepliaklqana
Kikubaaqudgha
Makhleb
Nemelex Xobeh
Okawaru
Ru
Sif Muna
Trog
Uskayaw
Vehumet
Wu Jian
Xom
Yredelemnul
Zin
The Shining One

Shops:
D:6 [

Annotations:
D:3 Grinder


Innate Abilities, Weirdness & Mutations

You are small and have problems with some larger weapons.
You are completely attuned to the shadows.


Message History

Confirm with . or Enter, or press ? or * to list all spells.
The steam dragon breathes steam at you. The ball of steam misses you.
The ball of steam hits your wolf!
The electric eel shoots out a bolt of lightning at you!
The bolt of electricity hits you!
* * * LOW HITPOINT WARNING * * *
The iguana bites your ogre zombie.
Unknown command.
You feel much better.
Your wolf is engulfed in a cloud of scalding steam.
Your wolf bites the steam dragon.
The steam dragon misses your wolf. The steam dragon claws your wolf.
Your wolf is engulfed in a cloud of scalding steam.
Your wolf barely misses the steam dragon.
You are now empty-handed.
The steam dragon misses your wolf. The steam dragon claws your wolf.
Your wolf dies!
Your wolf's corpse disappears in a puff of smoke!
The orc is engulfed in a cloud of scalding steam.
The iguana bites your ogre zombie!
Your ogre zombie is destroyed!
Casting: Call Canine Familiar (safe; 1% risk of failure)
Confirm with . or Enter, or press ? or * to list all spells.
The steam dragon breathes steam at you. The ball of steam hits your hound!
The ball of steam misses you.
Unknown command.
Your hound bites the steam dragon but does no damage.
The steam dragon barely misses your hound.
The steam dragon misses your hound.
The electric eel shoots out a bolt of lightning at you!
The bolt of electricity hits your hound!
Your hound dies!
Your hound's corpse disappears in a puff of smoke!
The bolt of electricity hits you!
Casting: Call Canine Familiar (safe; 1% risk of failure)
Confirm with . or Enter, or press ? or * to list all spells.
The steam dragon breathes steam at you. The ball of steam hits you!!
You die...
Your body rises from the dead as a mindless zombie.

......... #8....8# ########
######### ##....## #.......
........# ##.l..## #......Z
........# ##8....8## #######Z
........# ...)...... #...# #Z
........# ≈≈≈SDl≈≈≈≈ ###.###Z
........#
#####§h#########>.Z...
<.......#
#.#.§@....ZZ.#.#######
........#
#.###########..ZZ...Z.
........#
#.#...)Z......>..ZZZ..
...ZZ...#
#Z#.#########.#.######
....ZZ..# #.#.#..<......#....#
#
######Z#####Z#.#.#.#####.#..#.#
# #Z#.....#.#.#.# #.#..#.# #
#Z#.#####.#.#.# #.#..#.# #
#.Z.......#.#.#####.#..#.# #


You could see a steam dragon (catching breath, ally target), an iguana, an
electric eel and a friendly hound (summoned).

Vanquished Creatures
  Eustachio (D:6)
  Menkaure (D:5)
  An ice beast (D:6)
  An ogre (D:6)
  A bullfrog (D:6)
  2 necrophages
  4 scorpions
  2 hounds
  2 jellies
  5 orc wizards
  2 gnolls (D:5)
  8 adders
  4 worms
  3 dart slugs
  5 orcs
  3 bats
  6 endoplasms
  4 giant cockroaches
  5 goblins
  6 hobgoblins
  2 jackals (D:4)
  3 kobolds
  A quokka (D:4)
  8 ball pythons
  3 frilled lizards
  5 rats
88 creatures vanquished.

Vanquished Creatures (collateral kills)
  An ice beast (D:6)
  A sky beast (D:6)
  A necrophage (D:5)
  A hound (D:6)
  A jelly (D:4)
  An iguana (D:6)
  An orc wizard (D:5)
  A gnoll (D:5)
  A worm (D:3)
  An orc (D:5)
  A bat (D:1)
  An endoplasm (D:4)
  A goblin (D:1)
  A hobgoblin (D:1)
  A ball python (D:4)
  A rat (D:2)
16 creatures vanquished.

Vanquished Creatures (others)
  An ice beast zombie (D:6)
  An ogre zombie (D:6)
  A sky beast zombie (D:6)
  A human zombie (D:6)
  An orc (D:6)
  A gnoll zombie (D:5)
6 creatures vanquished.

Grand Total: 110 creatures vanquished

Notes
Turn   | Place    | Note
-------+----------+-------------------------------------------
     0 | D:1      | LnG the Kobold Summoner began the quest for the Orb.
     0 | D:1      | Reached XP level 1. HP: 10/10 MP: 3/3
   215 | D:1      | Reached XP level 2. HP: 15/15 MP: 5/5
   218 | D:1      | Learned a level 2 spell: Call Imp
   269 | D:1      | Reached skill level 3 in Stealth
   503 | D:1      | Found a faded altar of an unknown god.
  1075 | D:2      | Reached XP level 3. HP: 13/19 MP: 3/6
  1176 | D:2      | Learned a level 3 spell: Call Canine Familiar
  1260 | D:2      | Reached skill level 1 in Short Blades
  1505 | D:2      | Reached XP level 4. HP: 5/24 MP: 2/7
  1629 | D:2      | Reached skill level 4 in Stealth
  2459 | D:3      | Reached XP level 5. HP: 18/28 MP: 8/8
  2826 | D:3      | Noticed Grinder
  3190 | D:3      | Reached skill level 5 in Stealth
  3825 | D:3      | Paralysed by Grinder for 2 turns
  4422 | D:4      | Reached XP level 6. HP: 33/33 MP: 5/10
  4426 | D:4      | Learned a level 3 spell: Summon Guardian Golem
  4863 | D:4      | Reached skill level 6 in Stealth
  5418 | D:5      | Entered Level 5 of the Dungeon
  5511 | D:5      | Reached skill level 5 in Summonings
  5746 | D:5      | Reached skill level 1 in Fighting
  5746 | D:5      | Reached XP level 7. HP: 38/38 MP: 11/11
  5860 | D:5      | Noticed Menkaure
  5864 | D:5      | Killed Menkaure
  6103 | D:5      | Reached skill level 7 in Stealth
  6451 | D:5      | Found a staircase to the Ecumenical Temple.
  6456 | Temple   | Entered the Ecumenical Temple
  6492 | Temple   | Became a worshipper of Yredelemnul the Dark
  6827 | D:5      | Found a shimmering altar of Xom.
  6873 | D:5      | Reached XP level 8. HP: 26/43 MP: 12/14
  7259 | D:5      | Found a shimmering blue altar of Sif Muna.
  7282 | D:5      | Found a blossoming altar of Fedhas.
  7826 | D:6      | Noticed Eustachio
  7830 | D:6      | Killed Eustachio
  7830 | D:6      | Reached * piety under Yredelemnul
  7848 | D:6      | Learned a level 4 spell: Summon Lightning Spire
  7887 | D:6      | Reached skill level 8 in Stealth
  8063 | D:6      | Reached skill level 5 in Spellcasting
  8406 | D:6      | Reached skill level 5 in Short Blades
  8406 | D:6      | Reached XP level 9. HP: 29/48 MP: 11/16
  8604 | D:6      | Found Fomm's Armour Emporium.
  8867 | D:6      | Reached ** piety under Yredelemnul
  8920 | D:6      | Your ally Eustachio died
  8929 | D:6      | Killed from afar by a steam dragon

Illustrated notes

Levels and vault maps discovered:
D:1:      ebering_hopf_link, layout_loops_ring, basic_ecumenical_altar,
          due_unseen_surprise
D:2:      minmay_inner_zag, layout_basic
D:3:      layout_rooms, uniq_grinder
D:4:      layout_loops_ring, kennysheep_nondescript, minmay_fractal_squares_5
D:5:      layout_loops_corners, mainiacjoe_overflow_divided_tiny,
          mainiacjoe_overflow_alcove_2, temple_statues, serial_rivers,
          chequers_serial_rivers_micro_d, chequers_serial_rivers_micro_b,
          chequers_serial_rivers_large_a, chequers_serial_rivers_micro_c,
          chequers_serial_rivers_large_b, uniq_menkaure
D:6:      layout_basic, nicolae_qazlal_eye_of_the_storm, serial_shops,
          nicolae_shop_statue_plus, kennysheep_dice, uniq_eustachio
Temple:   nicolae_temple_no_exploring_needed

Skill      XL: |  1  2  3  4  5  6  7  8 |
---------------+-------------------------+-----
Stealth        | 3 4 5 6 7 8 |  8.9
Short Blades   | 1 2 3 5 |  5.1
Dodging        | 3 4 |  4.1
Spellcasting   | 3 4 5 |  5.7
Summonings     | 5 6 |  6.5
Fighting       | 1 2 |  2.3

Action                   |  1- 3 |  4- 6 |  7- 9 || total
-------------------------+-------+-------+-------++-------
Melee: Unarmed           |     9 |       |       ||     9
       Dagger            |    76 |   152 |   106 ||   334
       Punch             |       |       |     1 ||     1
 Cast: Summon Small Mamm |     7 |       |       ||     7
       Call Imp          |     2 |     8 |     4 ||    14
       Call Canine Famil |     2 |    12 |    11 ||    25
       Summon Guardian G |       |       |     2 ||     2
  Use: Scroll            |     4 |     2 |     4 ||    10
       Potion            |       |     1 |     4 ||     5
 Stab: Sleeping          |    12 |    23 |    14 ||    49
       Distracted        |       |       |     2 ||     2
Armor: Robe              |    13 |    10 |     9 ||    32
Dodge: Dodged            |    57 |    61 |    46 ||   164

Table legend: (Time is in decaauts)
 A = Elapsed time spent in this place.
 B = Non-inter-level travel time spent in this place.
 C = Inter-level travel time spent in this place.
 D = Time resting spent in this place.
 E = Time spent auto-exploring this place.
 F = Levels seen in this place.
 G = Mean time per level.
                   A        B        C        D        E       F      G
               +--------+--------+--------+--------+--------+-----+--------+
         Total |   8869 |   8354 |    515 |   2961 |   3053 |   7 | 1267.0 |
       Dungeon |   8825 |   8323 |    502 |   2961 |   3039 |   6 | 1470.8 |
        Temple |     43 |     30 |     13 |      0 |     14 |   1 |   43.0 |
               +--------+--------+--------+--------+--------+-----+--------+

Top non-repeatable levels by time:
     D:2: 2299 daAuts
     D:5: 1949 daAuts
     D:6: 1372 daAuts
     D:4: 1245 daAuts
     D:3: 1007 daAuts
     D:1: 950 daAuts
  Temple: 43 daAuts
